 Dungeon Crawl Stone Soup version 0.22-a0-271-gc000056 (webtiles) character file.

48 grindst0ne the Skirmisher (level 3, 0/20 HPs)
             Began as a Vine Stalker Fighter on Mar 10, 2018.
             Succumbed to an adder's poison
             ... on level 2 of the Dungeon.
             The game lasted 00:01:21 (662 turns).

grindst0ne the Skirmisher (Vine Stalker Fighter)     Turns: 662, Time: 00:01:21

Health: 0/20       AC:  6    Str: 18    XL:     3   Next: 72%
Magic:  3/4        EV:  6    Int:  9    God:
Gold:   7          SH:  8    Dex: 13    Spells: 2/2 levels left

rFire    . . .     SeeInvis .   a - +0 rapier
rCold    . . .     Gourm    .   c - +0 shield
rNeg     . . .     Faith    .   b - +0 scale mail
rPois    .         Spirit   +   (no helmet)
rElec    .         Reflect  .   (no cloak)
rCorr    .         Harm     .   (no gloves)
MR       .....                  (no boots)
Stlth    ..........             (no amulet)
HPRegen  0.06/turn              (no ring)
MPRegen  0.09/turn              (no ring)

@: lethally poisoned (0 -> -7), drained
A: fangs 2, magic shield, antimagic bite, no potion heal 3, rot immunity
a: no special abilities


You were on level 2 of the Dungeon.
You were not hungry.

You visited 1 branch of the dungeon, and saw 2 of its levels.

You collected 7 gold pieces.

Inventory:

Hand Weapons
 a - a +0 rapier (weapon)
Armour
 b - a +0 scale mail (worn)
 c - a +0 shield (worn)
Jewellery
 i - an uncursed ring of wizardry {unknown}
Scrolls
 e - 3 scrolls of identify {unknown}
 j - a scroll of random uselessness {unknown}
 l - a scroll of amnesia {unknown}
Potions
 d - a potion of might
 h - a potion of ambrosia {unknown}
 k - a potion of haste {unknown}
Comestibles
 f - 10 rations
 g - 3 chunks of flesh


   Skills:
 + Level 3.5(2.4) Fighting
 - Level 1.7(0.7) Short Blades
 - Level 2.4(1.3) Armour
 + Level 3.5(2.4) Shields


You had 2 spell levels left.
You didn't know any spells.

Dungeon Overview and Level Annotations

Branches:
Dungeon (2/15)

Altars:


Innate Abilities, Weirdness & Mutations

You have extremely sharp teeth.
When hurt, damage is shared between your health and your magic reserves.
Your bite disrupts and absorbs the magic of your enemies.
Potions cannot restore your health.
You are immune to rotting.


Message History

The adder bites you but does no damage. x2
You closely miss the adder. Your bite misses the adder.
The adder is moderately wounded.
The adder barely misses you. The adder bites you but does no damage.
You closely miss the adder.
The adder is moderately wounded.
The adder bites you but does no damage.
You hit the adder. You bite the adder. You drain its power.
The adder is heavily wounded.
The adder bites you.
* * * LOW HITPOINT WARNING * * *
You are lethally poisoned!
The adder poisons you! You block the adder's attack.
You closely miss the adder. Your bite misses the adder.
The adder is heavily wounded.
* * * LOW HITPOINT WARNING * * *
You feel sick. You block the adder's attack. The adder closely misses you.
You closely miss the adder. Your bite misses the adder.
The adder is heavily wounded.
You die...

#.#+#............
#.........(......
+.........###.###
###.........# #.#
...........###.#
###.###............
#...###..........##
#..............#
#@###..........#
#S# #..........#
#.# #.)........#
#.# #...........
#.# #...........
#.# #...........
... #.......... ...
###########


You could see an adder.

Vanquished Creatures
  Terence (D:2)
  A dart slug (D:1)
  A leopard gecko (D:1)
  A giant cockroach (D:1)
  2 goblins
  5 hobgoblins (D:1)
  A bat (D:1)
  2 frilled lizards (D:1)
  A kobold (D:1)
  6 rats (D:1)
21 creatures vanquished.

Notes
Turn   | Place    | Note
-------+----------+-------------------------------------------
     0 | D:1      | grindst0ne the Vine Stalker Fighter began the quest for the Orb.
     0 | D:1      | Reached XP level 1. HP: 11/11 MP: 2/2
   157 | D:1      | Reached XP level 2. HP: 12/16 MP: 3/3
   627 | D:2      | Noticed Terence
   647 | D:2      | Killed Terence
   647 | D:2      | Reached XP level 3. HP: 3/20 MP: 1/4
   661 | D:2      | HP: 1/20 [poisoned by an adder]
   662 | D:2      | Succumbed to an adder's poison

Vault maps used:
D:1:      dpeg_arrival_short_road, st_stairs_8
D:2:      chequers_temple_overflow_minitemple, minmay_pentomino_v4, uniq_terence

Skill      XL: |  1  2 |
---------------+-------+-----
Fighting       | 3 |  3.5
Shields        | 3 |  3.5
Short Blades   | |  1.7
Armour         | |  2.4

Action                   || total
-------------------------++-------
Melee: Rapier            ||    86
       Bite              ||    28
Armor: Scale mail        ||    25
Dodge: Dodged            ||    21
Block: Shield            ||    37

Table legend:
 A = Spawn XP
 B = Non-spawn XP
 C = Spawn XP percentage of total XP
 D = Spawn monster count
 E = Non-spawn monster count
 F = Spawn count percentage of total count
 G = Total turns spent on level
                    A         B        C        D         E        F      G
               +---------+---------+-------+---------+---------+-------+---------
         Total |       0 |      69 |   0.0 |       0 |      21 |   0.0 |   662
               +---------+---------+-------+---------+---------+-------+---------
           D:1 |       0 |      31 |   0.0 |       0 |      19 |   0.0 |   609
           D:2 |       0 |      38 |   0.0 |       0 |       2 |   0.0 |    53
               +---------+---------+-------+---------+---------+-------+---------
